cohdb
Replays
Latest Replays
All Replays
Popular Replays
Top Player Replays
Match Explorer
How It Works
Community
CoH3 Stats
Reddit
Sign in to upload your games and track your stats! →
Sign in with Steam
Match 38778776
Unlisted
Match 38778776
Overview
Messages
Build Orders
End
Pioneer Squad
Selects Luftwaffe Battlegroup
Selects Luftwaffe Pioneer Support
Fallschirmpioneer Squad Paradrop
Construct Infanterie Kompanie
Grenadier Squad
Grenadier Squad
Infanterie Officer Quarters
Selects LG40 Recoilless Gun Paradrop
LG40 Recoilless Gun Paradrop
MG 42 Machine Gun Team
Grenadier Squad
Medical Bunker
MG 42 Machine Gun Team
Construct Panzergrenadier Kompanie
Construct Panzer Kompanie
Selects Infantry Reserves
Sturmpanzer IV Brummbär
Selects Reconnaissance Run
Selects Fallschirmjäger Squad Paradrop
Panzer IV Medium Tank
Alfonso
KevinTDW
0
0
Comments
sign in to comment!
No comments posted yet!